 Dungeon Crawl Stone Soup version 0.29.1-15-g9cfb28693d (webtiles) character file.

Game seed: 12946429149009727019

5 Achh the Trooper (level 1, -1/14 HPs)
             Began as a Gargoyle Fighter on Mar 14, 2023.
             Slain by a hobgoblin (2 damage)
             ... on level 1 of the Dungeon.
             The game lasted 00:01:20 (118 turns).

Achh the Trooper (Gargoyle Fighter)                  Turns: 118, Time: 00:01:20

Health: -1/14      AC: 14    Str: 19    XL:     1   Next: 80%
Magic:  1/1        EV:  7    Int:  8    God:
Gold:   0          SH:  4    Dex:  9    Spells: 0/0 levels left

rFire   . . .      SeeInvis .   a - +0 long sword
rCold   . . .      Faith    .   c - +0 buckler
rNeg    + . .      Spirit   .   f - +3 chain mail
rPois   ∞          Reflect  .   (no helmet)
rElec   +          Harm     .   (no cloak)
rCorr   .          Rampage  .   (no gloves)
Will    .....                   (no boots)
Stlth   ..........              (no amulet)
HPRegen 0.04/turn               (no ring)
MPRegen 0.07/turn               (no ring)

@: no status effects
A: sickness immunity, AC +2, negative energy resistance 1, electricity
resistance, torment resistance 1, petrification resistance
a: no special abilities


You were on level 1 of the Dungeon.
You visited 1 branch of the dungeon, and saw 1 of its levels.

Inventory:

Hand Weapons
 a - a +0 long sword (weapon)
Missiles
 e - a throwing net (quivered)
Armour
 b - a +0 scale mail
 c - a +0 buckler (worn)
 f - a +3 chain mail (worn)
Potions
 d - a potion of might


   Skills:
 + Level 3.5 Fighting
 + Level 1.9 Long Blades
 + Level 3.3 Armour
 + Level 3.3 Shields


You couldn't memorise any spells.
You didn't know any spells.
Your spell library contained the following spells:

 Spells                   Type           Power      Damage    Failure   Level
 Animate Armour           Summ/Erth      0%         N/A       100%        4
 Blade Hands              Tmut           0%         N/A       100%        5
 Iron Shot                Conj/Erth      0%         9d1       100%        6


Dungeon Overview and Level Annotations

Branches:
Dungeon (1/15)

Altars:


Innate Abilities, Weirdness & Mutations

You are immune to sickness and miasma.
Your stone body is resilient. (AC +2)
You are immune to poison.
You resist negative energy. (rN+)
You are resistant to electric shocks. (rElec)
You are resistant to unholy torment.
You are immune to petrification.


Message History

The goblin hits you but does no damage. The goblin attacks as you move away!
The goblin hits you but does no damage. x2
The goblin attacks as you move away! The goblin hits you but does no damage.
You barely miss the goblin.
The goblin is moderately wounded.
The goblin hits you but does no damage.
You barely miss the goblin.
The goblin is moderately wounded.
The goblin hits you but does no damage.
You hit the goblin.
You kill the goblin!
You block the hobgoblin's attack.
You closely miss the hobgoblin. The hobgoblin closely misses you.
You hit the hobgoblin but do no damage. You barely miss the goblin.
You block the hobgoblin's attack. The goblin hits you but does no damage.
The hobgoblin hits you but does no damage.
The goblin hits you but does no damage.
You closely miss the goblin.
The hobgoblin hits you but does no damage.
The goblin hits you but does no damage.
You barely miss the goblin. The hobgoblin closely misses you.
The goblin hits you but does no damage.
You hit the goblin.
The goblin is moderately wounded.
The hobgoblin closely misses you. The goblin hits you but does no damage.
The goblin barely misses you.
The hobgoblin hits you but does no damage.
You slash the goblin!
You kill the goblin!
The hobgoblin barely misses you.
The hobgoblin hits you but does no damage.
Things that are here:
a +0 club; a +0 dagger You barely miss the hobgoblin.
The hobgoblin hits you.
* * * LOW HITPOINT WARNING * * *
You hit the hobgoblin.
The hobgoblin is severely wounded.
The hobgoblin hits you.
You die...

#.....# #.$...#
#.....# #..[..###
#..#....#
#.##.##.#####. ?..
#..#....... ##.
##..# ## .# #.
##@## .# ..# .
#.g# .# ..# #.
..##.### .# ..#
..#...###.##..
#.###.##..#.. #
#..##....##.##.###
#..###..##......#
#.. #..........#
#.##...#......#


You could see a hobgoblin.

Vanquished Creatures
  A bat (D:1)
  2 goblins (D:1)
  A hobgoblin (D:1)
4 creatures vanquished.

Notes
Turn   | Place    | Note
-------+----------+-------------------------------------------
     0 | D:1      | Achh the Gargoyle Fighter began the quest for the Orb.
     0 | D:1      | Reached XP level 1. HP: 14/14 MP: 1/1
   118 | D:1      | Slain by a hobgoblin

Illustrated notes

Levels and vault maps discovered:
D:1:      nzn_arrival_water_spiral, layout_rooms, serial_curves, eino_curves_04,
          eino_curves_03

Action                   || total
-------------------------++-------
Melee: Long sword        ||    33
Armor: Chain mail        ||    20
       Scale mail        ||    16
Dodge: Dodged            ||    17
Block: Buckler           ||     6
